 Dungeon Crawl Stone Soup version 0.21-a0-185-g3a6ed1e (webtiles) character file.

130 mayhaps the Skirmisher (level 4, -1/36 HPs)
             Began as a Mummy Wanderer on Aug 12, 2017.
             Killed by divine providence
             ... invoked by an orc priest
              (14 damage)
             ... on level 3 of the Dungeon.
             The game lasted 00:06:26 (2865 turns).

mayhaps the Skirmisher (Mummy Wanderer)             Turns: 2865, Time: 00:06:26

Health: -1/36      AC:  9    Str: 18    XL:     4   Next: 89%
Magic:  4/4        EV:  9    Int: 10    God:
Gold:   63         SH:  0    Dex: 10    Spells: 3/3 levels left

rFire    x . .     SeeInvis .   a - +2 spear
rCold    + . .     Gourm    .   (no shield)
rNeg     + + +     Faith    .   e - +0 scale mail
rPois    ∞         Spirit   .   (no helmet)
rElec    .         Reflect  .   (no cloak)
rCorr    .         Harm     .   h - +2 pair of gloves
MR       .....                  (no boots)
Stlth    ..........             (no amulet)
HPRegen  0.12/turn              (no ring)
MPRegen  0.09/turn              (no ring)

@: no status effects
A: no food or potions, fire vulnerability, cold resistance 1, negative energy
resistance 3, torment resistance, unbreathing
a: no special abilities


You were on level 3 of the Dungeon.
You were not hungry.

You visited 1 branch of the dungeon, and saw 4 of its levels.

You collected 63 gold pieces.

Inventory:

Hand Weapons
 a - a +2 spear (weapon)
 g - a +2 dagger of electrocution
 k - a +2 dagger of pain
Missiles
 b - 6 javelins of returning (quivered)
 d - 47 stones
 l - 6 javelins
Armour
 e - a +0 scale mail (worn)
 h - a +2 pair of gloves (worn)
Jewellery
 f - an uncursed amulet of the gourmand
 i - an uncursed ring of poison resistance
 m - an uncursed ring of protection from magic {unknown}
Scrolls
 c - 2 scrolls of teleportation


   Skills:
 + Level 3.6 Fighting
 * Level 3.6 Polearms
 + Level 1.4 Throwing
 - Level 1.5 Armour
 - Level 1.0 Stealth
   Level 1.0 Shields


You had 3 spell levels left.
You didn't know any spells.

Dungeon Overview and Level Annotations

Branches:
Dungeon (4/15)
 Temple: D:4-7

Altars:

Annotations:
D:2 Sigmund


Innate Abilities, Weirdness & Mutations

You do not eat or drink.
Your flesh is vulnerable to fire.
You are immune to poison.
Your flesh is cold resistant. (rC+)
You are immune to negative energy. (rN+++)
You are immune to unholy pain and torment.
You can survive without breathing.


Message History

You completely miss the orc priest.
The orc priest is heavily wounded.
Unknown command.
You hit the orc priest but do no damage.
The orc priest is heavily wounded.
The orc priest hits you but does no damage.
Unknown command.
You hit the orc priest.
The orc priest is severely wounded.
The orc priest completely misses you.
Unknown command.
You hit the orc priest but do no damage.
The orc priest is severely wounded.
The orc priest hits you but does no damage.
Unknown command.
You hit the orc priest.
The orc priest is almost dead.
The orc priest mumbles some strange prayers to Beogh against you.
Beogh smites you!
You die...

..# #.#..##.##.#..##
##.#######.#..##.#.##.###
......##........##.#.>.# #.#
#.##..#..##.#.##.###
#######.###.....#..##......#
.........o.........#########
####.'########'.#..#
####.#........#.o..#
..o.g#.+####'.#.@..#######
.....# #....#.#.>.........
.o...# #.##.#.#....#####..
#o##.# #.##.#.#...........
o.##.# #....#.#...........
#.##.#.+####'.#....#####..
#.#..#........#....#
.....+########'....#
#.#....÷...........##


You could see an orc priest.

Vanquished Creatures
  An orc wizard (D:4)
  Terence (D:3)
  2 adders (D:2)
  2 oozes
  3 orcs (D:3)
  7 bats
  A giant cockroach (D:3)
  9 hobgoblins
  3 jackals (D:2)
  2 quokkas (D:3)
  A ball python (D:1)
  A frilled lizard (D:1)
  4 goblins
  5 kobolds
  5 rats
47 creatures vanquished.

Notes
Turn   | Place    | Note
-------+----------+-------------------------------------------
     0 | D:1      | mayhaps the Mummy Wanderer began the quest for the Orb.
     0 | D:1      | mayhaps set off with: a +2 spear, a +0 ring mail, a scroll of teleportation
     0 | D:1      | Reached XP level 1. HP: 18/18 MP: 1/1
   246 | D:1      | Reached XP level 2. HP: 23/24 MP: 2/2
   978 | D:2      | Reached XP level 3. HP: 29/29 MP: 3/3
  1362 | D:2      | Noticed Sigmund
  2174 | D:3      | Noticed Terence
  2198 | D:3      | Killed Terence
  2198 | D:3      | Reached XP level 4. HP: 24/35 MP: 4/4
  2865 | D:3      | Killed from afar by an orc priest

Vault maps used:
D:1:      dpeg_arrival_castle
D:2:      uniq_sigmund
D:3:      wad_crossroads, minmay_misc_feat_secret_circle, minivault_11,
          minmay_misc_feat_tiny, uniq_terence
D:4:      first_bread

Skill      XL: |  1  2  3 |
---------------+----------+-----
Polearms       | 2 3 |  3.6
Fighting       | |  3.6
Throwing       | |  1.4
Armour         | |  1.5
Stealth        | |  1.0
Shields        | |  1.0

Action                   |  1- 3 |  4- 6 || total
-------------------------+-------+-------++-------
Melee: Spear             |   134 |    24 ||   158
Throw: Stone             |     4 |       ||     4
       Javelin           |     4 |     2 ||     6
  Use: Scroll            |     3 |     2 ||     5
Armor: Ring mail         |    11 |       ||    11
       Scale mail        |    28 |    10 ||    38
Dodge: Dodged            |    47 |     9 ||    56
